 Dungeon Crawl Stone Soup version 0.30-a0-723-gc1506a1cf0 (webtiles) character file.

Game seed: 16788973494442841121

285 teh the Sneak (level 6, 0/55 HPs)
             Began as a Naga Fire Elementalist on Jan 28, 2023.
             Slain by a black bear (2 damage)
             ... on level 4 of the Dungeon.
             The game lasted 00:06:21 (4356 turns).

teh the Sneak (Naga Fire Elementalist)              Turns: 4356, Time: 00:06:21

Health: 0/55       AC:  7    Str: 11    XL:     6   Next: 29%
Magic:  2/10       EV:  9    Int: 17    God:
Gold:   256        SH:  3    Dex: 11    Spells: 3/11 levels left

rFire   + . .      SeeInvis +    c - +0 dagger
rCold   + . .      Faith    .    f - +0 buckler
rNeg    . . .      Spirit   .    d - +0 leather armour
rPois   +          Reflect  .    (helmet restricted)
rElec   +          Harm     .    (no cloak)
rCorr   +          Rampage  .    (no gloves)
Will    .....                    (no barding)
Stlth   ++                       g - amulet of regeneration
HPRegen 1.09/turn                (no ring)
MPRegen 0.12/turn                (no ring)

@: resistant, attractive, very slightly contaminated, invisible, very slow
A: AC +2, large, see invisible, deformed body, poison resistance, slowness 2,
spit poison 1, naga tail 1, horns 1, iridescent scales 2
a: Spit Poison


You were on level 4 of the Dungeon.
You visited 1 branch of the dungeon, and saw 5 of its levels.

You collected 386 gold pieces.
You spent 130 gold pieces at shops.

Inventory:

Hand Weapons
 c - a +0 dagger (weapon)
Armour
 a - a +0 robe
 d - a +0 leather armour (worn)
 f - a +0 buckler (worn)
Jewellery
 g - an amulet of regeneration (around neck)
 o - the ring "Weodecs" {Ice rElec Stlth+}
   (You bought it in a shop on level 4 of the Dungeon)

   [ring of ice]

   It enhances your ice magic.
   rF:        It makes you vulnerable to fire.
   rC:        It protects you from cold.
   rElec:     It insulates you from electricity.
   Stlth:     It makes you more stealthy.
Scrolls
 h - 2 scrolls of amnesia {unknown}
 i - a scroll of teleportation
 q - a scroll of silence {unknown}
 s - a scroll of poison {unknown}
Potions
 e - a potion of resistance
 j - a potion of lignification {unknown}
 l - a potion of attraction
 m - a potion of heal wounds {unknown}
 n - a potion of invisibility
 p - a potion of flight {unknown}
 r - a potion of degeneration {unknown}


   Skills:
 + Level 2.4 Fighting
 - Level 1.5 Dodging
 + Level 5.1 Stealth
 + Level 3.2 Spellcasting
 + Level 2.8 Conjurations
 + Level 4.0 Fire Magic


You had 3 spell levels left.
You knew the following spells:

 Your Spells              Type           Power      Damage    Failure   Level
a - Foxfire               Conj/Fire      56%        2x1d6     7%          1
b - Scorch                Fire           32%        2d7       9%          2
c - Inner Flame           Hex/Fire       9%         N/A       36%         3
k - Blink                 Tloc           4%         N/A       41%         2

Your spell library contained the following spells:

 Spells                   Type           Power      Damage    Failure   Level
 Momentum Strike          Conj/Tloc      14%        3d8       24%         2
 Lesser Beckoning         Tloc           4%         N/A       41%         2
 Kindle Blastsparks       Fire/Tloc/Air  14%        2d11      45%         3
 Flame Wave               Conj/Fire      14%        2d6       56%         4


Dungeon Overview and Level Annotations

Branches:
Dungeon (5/15)
 Temple: D:4-7

Altars:

Shops:
D:4 :*(!**[

Annotations:
D:3 1 transporter, mandoloar's ghost, amateur MiFi


Innate Abilities, Weirdness & Mutations

Your serpentine skin is tough. (AC +2)
You have supernaturally acute eyesight. (SInv)
Armour fits poorly on your strangely shaped body.
Your system is resistant to poisons. (rPois)
You cover ground very slowly.
You can spit poison.
You have a snake-like lower body.
You have a pair of small horns on your head.
You are mostly covered in iridescent scales. (AC +4)


Message History

Casting: Scorch (safe; 9% risk of failure)
Confirm with . or Enter, or press ? or * to list all spells.
Flames lash the black bear.
The black bear is moderately wounded.
The black bear bites you! The black bear claws you. x2
Casting: Scorch (safe; 9% risk of failure)
Confirm with . or Enter, or press ? or * to list all spells.
Flames lash the black bear.
The black bear is burned terribly!
The black bear is severely wounded.
The black bear bites you. The black bear claws you.
* * * LOW HITPOINT WARNING * * *
You block the black bear's attack.
Casting: Scorch (safe; 9% risk of failure)
Confirm with . or Enter, or press ? or * to list all spells.
You don't have enough magic to cast this spell.
It was a potion of attraction.
You feel attractive to monsters.
The black bear goes berserk!
It was a potion of invisibility.
You fade into invisibility!
The black bear barely misses you. The black bear claws you.
* * * LOW HITPOINT WARNING * * *
The black bear claws you.
* * * LOW HITPOINT WARNING * * *
It was a potion of resistance.
You feel protected. The black bear bites you.
* * * LOW HITPOINT WARNING * * *
The black bear claws you.
* * * LOW HITPOINT WARNING * * *
The black bear barely misses you.
The black bear bites you but does no damage.
The black bear closely misses you. x2
It was a potion of mutation.
You feel extremely strange.
Iridescent scales grow over part of your body.
A pair of horns grows on your head!
Iridescent scales spread over more of your body.
The black bear barely misses you. The black bear closely misses you.
The black bear claws you.
You die...

##...∩....# ##........#....#
#≈≈⌠.⌠≈≈.# ##....#..##....# .
#≈≈≈.≈≈≈.####........##....##)
##≈≈.≈≈.......#......##......#
######...#####......##.......
#.....#####.........).....
####.###.##..........#.......
#....# #....###.........)....
#.#### ####.@h)...".#...g....
#.# ###....)...†..)#####.)#
#####.# ##...#.##.......# ##.
#.....####..##.....#..##.# .
..#.............#####..#.#
....##....####..######.......
#...##.#####.........####....
##<.....####..##.....# ...<
##.#................#####...


You could see a black bear (berserk, unable to see you, combustible).

Vanquished Creatures
  A bullfrog (D:4)
  A hound (D:4)
  Robin (D:4)
  6 adders
  6 worms
  3 dart slugs
  6 orcs
  7 ball pythons
  4 bats
  4 endoplasms (D:1)
  5 giant cockroaches
  10 hobgoblins
  5 quokkas
  3 frilled lizards
  15 goblins
  6 kobolds
  6 rats
89 creatures vanquished.

Vanquished Creatures (others)
  97 foxfires
97 creatures vanquished.

Grand Total: 186 creatures vanquished

Notes
Turn   | Place    | Note
-------+----------+-------------------------------------------
     0 | D:1      | teh the Naga Fire Elementalist began the quest for the Orb.
     0 | D:1      | Reached XP level 1. HP: 15/15 MP: 3/3
   259 | D:1      | Reached XP level 2. HP: 21/24 MP: 3/5
   350 | D:1      | Learned a level 2 spell: Scorch
   620 | D:1      | Reached XP level 3. HP: 30/30 MP: 3/6
   733 | D:1      | Reached skill level 1 in Fighting
   800 | D:1      | Learned a level 3 spell: Inner Flame
  1292 | D:2      | Found a faded altar of an unknown god.
  1526 | D:2      | Reached XP level 4. HP: 38/38 MP: 1/7
  1606 | D:2      | Reached skill level 4 in Stealth
  2128 | D:2      | Found Okhuimuq's Assorted Antiques.
  2329 | D:3      | Found a transporter.
  2332 | D:3      | Noticed mandoloar's ghost (amateur MiFi)
  3283 | D:3      | Learned a level 2 spell: Blink
  3359 | D:4      | Reached XP level 5. HP: 45/45 MP: 2/9
  3465 | D:4      | Found Birom's Self-Improvement Boutique.
  3471 | D:4      | Noticed a black bear
  3779 | D:4      | Reached skill level 5 in Stealth
  3779 | D:4      | Reached XP level 6. HP: 22/54 MP: 0/10
  3859 | D:4      | Found Asuggo's General Store.
  3860 | D:4      | Found Asamoivy's Assorted Antiques.
  3861 | D:4      | Found Bapilor's Assorted Antiques.
  3861 | D:4      | Found Mitoaw's Antique Weapon Shoppe.
  3862 | D:4      | Found Janiump's Distillery.
  3862 | D:4      | Found Jujud's Antique Armour Shop.
  3958 | D:4      | Bought a fine lapis lazuli ring for 130 gold pieces
  3958 | D:4      | Identified the ring "Weodecs" {Ice rElec Stlth+} (You
                  | bought it in a shop on level 4 of the Dungeon)
  4026 | D:4      | Noticed Robin
  4040 | D:5      | Entered Level 5 of the Dungeon
  4350 | D:4      | Killed Robin
  4355 | D:4      | HP: 1/55 [black bear (3)]
  4356 | D:4      | Gained mutation: You are partially covered in iridescent
                  | scales. (AC +2) [potion of mutation]
  4356 | D:4      | Gained mutation: You have a pair of small horns on your
                  | head. [potion of mutation]
  4356 | D:4      | Gained mutation: You are mostly covered in iridescent
                  | scales. (AC +4) [potion of mutation]
  4356 | D:4      | Slain by a black bear

Illustrated notes

Levels and vault maps discovered:
D:1:      shiori_arrival_oz, layout_basic, dreamdust_mushroom_princess,
          minmay_heptomino_h4
D:2:      layout_basic, serial_shops, shop,
          hellmonk_ecumenical_altar_arch_garden
D:3:      layout_basic, gammafunk_ghost_mausoleum, minivault_19
D:4:      layout_rooms, nicolae_ashenzari_panopticon, nicolae_wooded_promenade,
          nicolae_shop_self_help, uniq_robin
D:5:      layout_rooms, grunt_dithmenos_shadows, amcnicky_mini_corridor_feature

Skill      XL: |  1  2  3  4  5  6 |
---------------+-------------------+-----
Fighting       | 1 2 |  2.4
Stealth        | 4 5 |  5.1
Conjurations   | 2 |  2.8
Spellcasting   | 3 |  3.2
Fire Magic     | 4 |  4.0
Dodging        | |  1.5

Action                     |  1- 3 |  4- 6 || total
---------------------------+-------+-------++-------
  Melee: Dagger            |    24 |     9 ||    33
         Unarmed           |     2 |       ||     2
  Throw: Throwing net      |       |     2 ||     2
   Cast: Foxfire           |    28 |    33 ||    61
         Scorch            |    23 |    50 ||    73
    Use: Scroll            |     2 |       ||     2
         Potion            |       |     5 ||     5
 Armour: Leather armour    |     2 |     9 ||    11
  Dodge: Dodged            |    13 |    40 ||    53
  Block: Buckler           |     3 |     9 ||    12

Table legend: (Time is in decaauts)
 A = Elapsed time spent in this place.
 B = Non-inter-level travel time spent in this place.
 C = Inter-level travel time spent in this place.
 D = Time resting spent in this place.
 E = Time spent auto-exploring this place.
 F = Levels seen in this place.
 G = Mean time per level.
                   A        B        C        D        E       F      G
               +--------+--------+--------+--------+--------+-----+--------+
         Total |   5276 |   5223 |     53 |      0 |   4384 |   5 | 1055.2 |
       Dungeon |   5276 |   5223 |     53 |      0 |   4384 |   5 | 1055.2 |
               +--------+--------+--------+--------+--------+-----+--------+

Top non-repeatable levels by time:
     D:3: 1398 daAuts
     D:1: 1348 daAuts
     D:2: 1307 daAuts
     D:4: 1022 daAuts
     D:5: 199 daAuts
